 Dungeon Crawl Stone Soup version 0.23-a0-558-g30802b1 (webtiles) character file.

1174 CrossKnight the Slasher (level 8, -2/42 HPs)
             Began as a Vine Stalker Fighter on Dec 11, 2018.
             Slain by Grinder (4 damage)
             ... while paralysed by Grinder
             ... on level 6 of the Dungeon.
             The game lasted 00:23:54 (5437 turns).

CrossKnight the Slasher (Vine Stalker Fighter)      Turns: 5437, Time: 00:23:55

Health: -2/42      AC: 12    Str: 20    XL:     8   Next: 41%
Magic:  0/9        EV:  2    Int:  8    God:
Gold:   309        SH:  0    Dex: 15    Spells: 7/7 levels left

rFire    . . .     SeeInvis .   a - +0 long sword
rCold    . . .     Gourm    .   c - +0 shield
rNeg     . . .     Faith    .   m - +0 chain mail
rPois    .         Spirit   +   n - +0 helmet
rElec    .         Reflect  .   (no cloak)
rCorr    .         Harm     .   o - +0 pair of gloves
MR       +....                  (no boots)
Stlth    ..........             (no amulet)
HPRegen  0.54/turn              i - ring of flight
MPRegen  0.11/turn              (no ring)

@: paralysed
A: fangs 3, regeneration 1, magic shield, antimagic bite, no potion heal 3, rot
immunity
a: Evoke Flight


You were on level 6 of the Dungeon.
You were not hungry.

You visited 1 branch of the dungeon, and saw 6 of its levels.
You also visited: Sewer.

You collected 309 gold pieces.

Inventory:

Hand Weapons
 a - a +0 long sword (weapon)
 w - a +0 falchion of draining
Armour
 b - a +1 scale mail
 c - a +0 shield (worn)
 m - a +0 chain mail (worn)
 n - a +0 helmet (worn)
 o - a +0 pair of gloves (worn)
Jewellery
 i - a ring of flight (left hand)
 j - an uncursed ring of teleportation
Scrolls
 e - 4 scrolls of identify
 g - 2 scrolls of teleportation
 l - a scroll of remove curse
 t - a scroll of fog
Potions
 d - 4 potions of might
 h - 3 potions of magic {unknown}
 k - a potion of mutation {unknown}
 p - a potion of resistance {unknown}
 q - 4 potions of heal wounds {unknown}
 r - a potion of haste {unknown}
 s - a potion of lignification {unknown}
 u - 2 potions of degeneration {unknown}
 v - a potion of curing {unknown}
Comestibles
 f - 2 rations


   Skills:
 + Level 4.0 Fighting
 + Level 5.1 Long Blades
 + Level 4.9 Armour
 + Level 1.9 Dodging
 + Level 0.3 Stealth
 + Level 4.9 Shields


You had 7 spell levels left.
You didn't know any spells.
Your spell library was empty.

Dungeon Overview and Level Annotations

Branches:
Dungeon (6/15)
 Temple: D:4-7

Altars:
Ashenzari
Ru
Uskayaw

Annotations:
D:6 Grinder


Innate Abilities, Weirdness & Mutations

You have razor-sharp teeth.
Your natural rate of healing is unusually fast.
When hurt, damage is shared between your health and your magic reserves.
Your bite disrupts and absorbs the magic of your enemies.
Potions cannot restore your health.
You are immune to rotting.


Message History

The centaur shoots an arrow.
The arrow hits you!
* * * LOW HITPOINT WARNING * * *
The bullfrog zombie hits you but does no damage.
The crimson imp hits you but does no damage.
Grinder hits you.
* * * LOW HITPOINT WARNING * * *
You writhe in agony.
* * * LOW HITPOINT WARNING * * *
The bullfrog zombie hits you but does no damage.
The giant cockroach bites you but does no damage.
The crimson imp hits you.
* * * LOW HITPOINT WARNING * * *
Grinder gestures at you.
You easily resist.
The bullfrog zombie hits you but does no damage.
The giant cockroach bites you but does no damage.
The bullfrog zombie hits you but does no damage.
The crimson imp hits you but does no damage.
Grinder hits you.
You die...

#....#......†.......
#..##.##<.........
#.............##..
#..<..............
##.............##.#
#.................#
..##.....!...........#
........55............
#.....Z@s...........
#..#....c...........
.....##.......... . .Z
#.###...#.# ..# ..###.
.... .## ..[.. ..
...... .


You could see Grinder, a centaur, a crimson imp, a bullfrog zombie and a giant
cockroach.

Vanquished Creatures
  An ogre (D:5)
  2 centaurs (D:5)
  4 big kobolds (Sewer)
  A wyvern zombie (D:6)
  A bullfrog zombie (D:5)
  2 crimson imps (D:5)
  2 hounds (D:5)
  A bullfrog skeleton (D:5)
  An iguana (D:5)
  An orc wizard (D:5)
  2 worker ants
  A hound skeleton (D:2)
  7 adders
  5 river rats
  7 oozes
  An adder zombie (D:5)
  6 worms
  6 dart slugs
  4 leopard geckos
  7 orcs
  4 giant cockroaches
  3 goblins (D:1)
  10 hobgoblins
  12 jackals
  13 kobolds
  2 quokkas
  6 ball pythons
  6 bats
  9 frilled lizards
  A leopard gecko skeleton (D:5)
  9 rats
137 creatures vanquished.

Notes
Turn   | Place    | Note
-------+----------+-------------------------------------------
     0 | D:1      | CrossKnight the Vine Stalker Fighter began the quest for
                  | the Orb.
     0 | D:1      | Reached XP level 1. HP: 11/11 MP: 2/2
   164 | D:1      | Reached XP level 2. HP: 11/16 MP: 1/3
   631 | D:1      | Reached skill level 2 in Long Blades
   632 | D:1      | Reached XP level 3. HP: 16/19 MP: 4/4
  1045 | D:2      | Gained mutation: Your natural rate of healing is unusually
                  | fast. [Vine Stalker growth]
  1045 | D:2      | Reached XP level 4. HP: 22/24 MP: 5/5
  1948 | D:3      | Reached XP level 5. HP: 28/28 MP: 6/6
  2009 | D:3      | Found a glowing drain.
  2037 | Sewer    | Entered a sewer
  2100 | Sewer    | Noticed a big kobold
  2125 | Sewer    | Killed a big kobold
  2125 | Sewer    | Reached skill level 3 in Long Blades
  2162 | Sewer    | Reached XP level 6. HP: 27/32 MP: 7/7
  2244 | Sewer    | Reached skill level 1 in Dodging
  2690 | Sewer    | Reached skill level 4 in Long Blades
  2690 | Sewer    | Reached XP level 7. HP: 35/36 MP: 6/8
  3691 | D:4      | Found a hide-covered altar of Uskayaw.
  4351 | D:4      | Found a shattered altar of Ashenzari.
  4353 | D:4      | Found a sacrificial altar of Ru.
  4520 | D:5      | Entered Level 5 of the Dungeon
  4930 | D:5      | Gained mutation: You have razor-sharp teeth. [Vine Stalker
                  | growth]
  4930 | D:5      | Reached XP level 8. HP: 38/42 MP: 7/9
  5099 | D:5      | Reached skill level 5 in Long Blades
  5413 | D:6      | Noticed Grinder
  5418 | D:6      | Paralysed by Grinder for 2 turns
  5432 | D:6      | Paralysed by Grinder for 7 turns
  5435 | D:6      | HP: 2/42 [Grinder (1)]
  5437 | D:6      | Slain by Grinder

Vault maps used:
D:1:      beargit_arrival_greenhouse, st_stairs_8, minmay_tromino_mix6
D:2:      serial_bayou_ford_a
D:3:      cheibrodos_sewer_entry_sluice
D:4:      kennysheep_little_box, nicolae_overflow_hidden_temple, serial_forest,
          infiniplex_forest_end_1, infiniplex_forest_clump_curved,
          infiniplex_forest_lined_room_3, infiniplex_forest_lined_ring,
          infiniplex_forest_straight_2, infiniplex_forest_zigzag_2,
          infiniplex_forest_straight_3, first_ration
D:6:      serial_shops, shop, basic_altar, st_stairs_9, due_unseen_surprise,
          uniq_grinder, uniq_prince_ribbit1
Sewer:    sewer_co_tree

Skill      XL: |  1  2  3  4  5  6  7  8 |
---------------+-------------------------+-----
Shields        | 3 4 |  4.9
Long Blades    | 2 3 4 5 |  5.1
Fighting       | 3 4 |  4.0
Armour         | 3 4 |  4.9
Dodging        | 1 |  1.9
Stealth        | |  0.3

Action                   |  1- 3 |  4- 6 |  7- 9 || total
-------------------------+-------+-------+-------++-------
Melee: Long sword        |    84 |   267 |   163 ||   514
       Bite              |    22 |    76 |    63 ||   161
  Use: Scroll            |       |       |     7 ||     7
  Eat: Ration            |       |     2 |     3 ||     5
Armor: Scale mail        |    36 |   141 |    74 ||   251
       Chain mail        |       |       |    31 ||    31
Dodge: Dodged            |    26 |   102 |    70 ||   198
Block: Shield            |    53 |   169 |   123 ||   345
       Rpst.: Long sword |     5 |    33 |    24 ||    62

Table legend:
 A = Non-vault XP
 B = Vault XP
 C = Vault XP percentage of total XP
 D = Non-vault monster count
 E = Vault monster count
 F = Vault count percentage of total count
                 A         B        C        D         E       F
            +---------+---------+-------+---------+---------+-------
      Total |    1088 |     590 |  35.2 |     100 |      37 |  27.0
            +---------+---------+-------+---------+---------+-------
        D:1 |      39 |      12 |  23.5 |      21 |       5 |  19.2
        D:2 |     108 |       0 |   0.0 |      26 |       0 |   0.0
        D:3 |      52 |      32 |  38.1 |      18 |       4 |  18.2
        D:4 |      51 |       0 |   0.0 |      10 |       0 |   0.0
        D:5 |     735 |       0 |   0.0 |      23 |       0 |   0.0
        D:6 |     103 |       0 |   0.0 |       2 |       0 |   0.0
      Sewer |       0 |     546 | 100.0 |       0 |      28 | 100.0
            +---------+---------+-------+---------+---------+-------
